Map: Odyssey LE

Players

Florencio - Winner!

  • Race: Protoss Protoss
  • League: Master
  • Spawn Location: 11:00

Loser

  • Race: Terran Terran
  • League: Master
  • Spawn Location: 5:00

VOD

Have the link to the VOD?

Description

Time

  • Played on: Jan. 17, 2018, 12:43 a.m.
  • Length: 15:12
Show
View Real Time Build Order
Export as new Build Order

Florencio Protoss - Winner!

Build Orders: 1 Gate Expand 

Get SALT Encoding   

  12  0:01  Probe  
  13  0:13  Probe  
  14  0:21  Pylon  
  14  0:25  Probe (Chrono Boost)  
  15  0:38  Probe (Chrono Boost)  
  16  0:44  Gateway  
  16  0:50  Gateway  
  16  0:54  Probe  
  17  1:17  Pylon  
  17  1:26  Pylon  
  17  1:30  Pylon  
  17  1:44  Nexus  
  17  1:49  Zealot (Chrono Boost)  
  20  1:57  Zealot (Chrono Boost)  
  20  2:08  Zealot  
  22  2:19  Pylon  
  22  2:20  Zealot (Chrono Boost)  
  24  2:23  Probe  
  25  2:34  Zealot (Chrono Boost)  
  25  2:35  Probe  
  28  2:49  Zealot (Chrono Boost)  
  30  2:53  Zealot (Chrono Boost)  
  28  3:43  Zealot  
  28  3:44  Zealot  
  32  4:20  Probe (Chrono Boost)  
  31  4:29  Probe (Chrono Boost)  
  18  5:36  Assimilator  
  18  5:37  Nexus  
  18  5:40  Assimilator, Probe (Chrono Boost)  
  19  5:42  Cybernetics Core  
  19  5:49  Probe (Chrono Boost)  
  20  5:54  Probe (Chrono Boost)  
  21  6:06  Probe  
  22  6:18  Probe (Chrono Boost)  
  23  6:20  Adept x2  
  27  6:29  Probe (Chrono Boost)  
  28  6:34  Probe (Chrono Boost)  
  29  6:44  Probe  
  32  6:47  Adept  
  32  6:49  Probe  
  35  6:56  Probe  
  36  7:05  Robotics Facility  
  36  7:08  Probe  
  37  7:12  Stalker (Chrono Boost)  
  37  7:15  Stalker (Chrono Boost)  
  39  7:32  Pylon  
  39  7:39  Stalker x2  
  31  7:53  Probe  
  30  8:05  Probe  
  31  8:22  Probe (Chrono Boost)  
  32  8:27  Robotics Bay  
  32  8:32  Probe (Chrono Boost)  
  32  8:33  Probe (Chrono Boost)  
  34  8:39  Probe (Chrono Boost)  
  34  8:41  Probe (Chrono Boost)  
  36  8:52  Probe (Chrono Boost)  
  36  8:54  Probe (Chrono Boost)  
  36  9:01  Assimilator  
  38  9:04  Assimilator, Probe (Chrono Boost)  
  38  9:05  Probe (Chrono Boost)  
  38  9:09  Probe (Chrono Boost)  
  38  9:13  Colossus  
  45  9:20  Probe (Chrono Boost)  
  44  9:33  Probe (Chrono Boost)  
  44  9:35  Extended Thermal Lance (Chrono Boost)  
  45  9:40  Probe (Chrono Boost)  
  45  9:42  Probe (Chrono Boost)  
  47  9:46  Adept x2  
  47  9:47  Probe  
  52  9:57  Pylon  
  52  9:59  Probe  
  53  10:06  Colossus  
  59  10:18  Twilight Council  
  59  10:19  Pylon  
  59  10:21  Probe (Chrono Boost)  
  60  10:24  Warp Gate (Chrono Boost), Pylon  
  60  10:28  Stalker x2  
  62  10:30  Probe (Chrono Boost)  
  62  10:35  Probe (Chrono Boost)  
  65  10:42  Pylon  
  66  10:48  Probe  
  67  10:59  Templar Archives  
  67  11:00  Probe  
  68  11:05  Gateway  
  68  11:06  Gateway  
  68  11:11  Gateway  
  68  11:14  Pylon  
  68  11:23  Psionic Storm  
  68  11:28  Colossus  
  74  12:13  High Templar x2, Pylon  
  78  12:15  High Templar  
  78  12:22  Pylon, Probe  
  81  12:25  Pylon  
  81  12:26  Pylon  
  80  12:38  Observer  
  80  12:39  Nexus  
  80  12:46  High Templar  
  80  12:47  High Templar  
  84  12:52  Stalker  
  86  13:00  Zealot x2  
  90  13:09  Pylon  
  90  13:10  Pylon  
  90  13:12  Pylon  
  90  13:14  Pylon  
  88  13:28  Stalker x4  
  96  13:39  Stalker  
  98  13:48  Assimilator  
  98  13:50  Assimilator  
  98  13:54  Pylon  
  98  13:56  Gateway x2  
  98  14:01  Stargate, High Templar  
  98  14:02  Stalker  
  102  14:03  Stalker x2  
  105  14:11  Observer  
  106  14:18  Pylon  
  106  14:24  Stalker  
  106  14:26  Stalker x2  
  106  14:31  Stalker  
Show
View Real Time Build Order
Export as new Build Order

Loser Terran 

Build Orders: MMM Bio 

Get SALT Encoding   

  12  0:00  SCV  
  13  0:13  SCV  
  14  0:17  Supply Depot  
  14  0:25  SCV  
  15  0:39  SCV  
  15  0:40  Barracks  
  16  0:46  Refinery  
  16  0:51  SCV  
  17  1:03  SCV  
  18  1:15  SCV  
  19  1:28  Marine  
  19  1:31  Bunker  
  20  1:35  Barracks  
  20  1:45  Orbital Command  
  20  1:46  Marine  
  21  1:57  Bunker  
  21  2:03  Marine  
  21  2:07  Supply Depot  
  22  2:11  SCV  
  23  2:22  Barracks Tech Lab  
  23  2:29  SCV  
  24  2:32  Marine  
  25  2:41  Marine  
  25  2:43  SCV  
  27  2:52  Command Center  
  27  3:00  Barracks Reactor  
  27  3:05  Marine  
  9  3:22  Marine, Orbital Command  
  6  3:40  Marine  
  7  3:43  Marine x2  
  9  3:50  SCV  
  10  4:01  Marine  
  12  4:04  Marine  
  13  4:13  SCV  
  13  4:19  Marine  
  13  4:22  Marine  
  15  4:25  SCV  
  15  4:37  Marine, Barracks Tech Lab, SCV  
  16  4:40  Marine  
  13  4:50  SCV  
  10  5:10  SCV  
  11  5:22  Marine x2  
  13  5:33  Stimpack  
  13  5:37  SCV  
  13  5:42  Marine  
  15  5:49  SCV  
  16  5:58  Marine  
  16  6:01  Marine, SCV  
  19  6:04  Marine  
  20  6:13  SCV  
  21  6:25  SCV  
  22  6:27  Marine x2  
  24  6:37  SCV  
  24  6:39  Marine  
  26  6:45  Supply Depot  
  26  6:52  SCV  
  26  6:53  Marine  
  28  7:02  Marine  
  28  7:04  SCV  
  30  7:16  Marine, SCV  
  32  7:28  Command Center  
  32  7:29  SCV  
  33  7:35  Marine  
  34  7:42  SCV  
  27  7:52  Marine x2  
  27  7:54  SCV  
  27  7:55  Marine  
  25  8:06  SCV  
  25  8:08  Bunker  
  25  8:09  Marine  
  26  8:19  Marine, SCV  
  28  8:22  Marine  
  29  8:27  Marine  
  29  8:29  Supply Depot  
  29  8:31  SCV  
  30  8:41  SCV, Supply Depot  
  31  8:43  SCV  
  32  8:52  Supply Depot  
  32  8:55  Marine x2, SCV  
  35  8:58  Supply Depot  
  35  9:01  Orbital Command  
  35  9:07  SCV  
  36  9:12  Marine  
  36  9:16  Barracks  
  37  9:19  SCV  
  38  9:28  Supply Depot  
  38  9:31  SCV  
  38  9:32  SCV  
  38  9:33  Marine  
  38  9:34  Marine  
  42  9:40  Engineering Bay  
  42  9:42  Refinery  
  42  9:43  SCV  
  42  9:45  Refinery, SCV  
  44  9:47  Marine  
  45  9:53  Marine x2  
  45  9:55  SCV  
  45  9:57  SCV  
  45  9:59  Combat Shields  
  49  10:05  Marine  
  50  10:07  SCV  
  50  10:09  SCV  
  50  10:11  Marine x2  
  50  10:12  Barracks Reactor  
  54  10:20  SCV  
  54  10:21  Factory, SCV  
  56  10:23  Marine  
  57  10:28  Marine  
  57  10:29  Marine  
  57  10:32  SCV  
  57  10:33  SCV  
  61  10:44  SCV  
  61  10:45  Refinery, Marine, SCV  
  64  10:50  Barracks  
  64  10:51  Marine, Barracks  
  64  10:56  SCV  
  66  10:58  SCV  
  66  10:59  Barracks Tech Lab  
  66  11:01  Marine  
  66  11:04  Marauder  
  70  11:10  Factory Tech Lab  
  70  11:11  Marine, Starport  
  70  11:12  SCV  
  70  11:14  Terran Infantry Weapons Level 1  
  70  11:16  SCV  
  73  11:19  Marine  
  73  11:23  Concussive Shells  
  73  11:25  Marauder  
  76  11:29  Siege Tank  
  76  11:31  SCV  
  80  11:33  Marauder  
  80  11:35  Marine  
  80  11:37  Supply Depot  
  80  11:39  Barracks Tech Lab  
  83  11:41  Barracks Tech Lab, Supply Depot  
  83  11:45  Supply Depot  
  83  11:52  Marine x2  
  85  11:54  Marauder, Medivac  
  85  11:59  Medivac  
  91  12:01  Marine  
  91  12:02  Marine  
  91  12:08  Marine  
  94  12:11  Marauder  
  94  12:13  Marine  
  97  12:16  Marauder  
  99  12:24  Medivac  
  101  12:31  Viking  
  101  12:36  Siege Tank  
  106  12:37  Marine x2  
  106  12:38  Marauder x2  
  106  12:41  Supply Depot  
  112  12:44  Supply Depot  
  112  12:52  Marine x2  
  112  12:53  Missile Turret  
  112  12:57  SCV  
  115  12:59  Marine, Marauder  
  115  13:02  Marine x2  
  115  13:05  Supply Depot  
  120  13:10  Marine  
  121  13:16  Marine  
  121  13:17  Viking x2  
  125  13:20  Marine  
  125  13:21  Marine, Marauder x2  
  125  13:24  Siege Tank  
  134  13:27  Supply Depot  
  134  13:30  Marauder  
  136  13:34  Marine  
  136  13:38  Marine  
  138  13:42  Marauder  
  138  13:46  Marine  
  141  13:49  Marauder  
  141  13:50  Supply Depot  
  141  13:51  Marine  
  141  13:52  Marine  
  145  13:56  Viking x2  
  149  14:08  Marine  
  150  14:12  Marauder  
  150  14:14  Supply Depot  
  150  14:15  Supply Depot  
  152  14:24  Marine x2  
  152  14:25  Marauder x2  
  152  14:28  Supply Depot  
  158  14:34  Marine  
  158  14:35  Viking  
  158  14:36  Marauder  
Tags
 
Composition
MMM Bio
Matchup
PvT
Spawn Locations
Cross Positions
Add a new tag
Caveats
  • Supply blocks, unpowered buildings, or Contaminate may cause inaccurate times.
  • Supply counts are checked every 10 seconds.